Map: Ruins of Seras

Players

Bop - Winner!

  • Race: Zerg Zerg

Jabooty

  • Race: Zerg Zerg

VOD

Have the link to the VOD?

Description

Time

  • Played on: May 2, 2015, 1:33 a.m.
  • Length: 6:34
Show
View Real Time Build Order
Export as new Build Order

Bop Zerg - Winner!

Build Orders: Hatch First, Lurkers 

Get SALT Encoding   

  12  0:00  Drone  
  13  0:08  Drone  
  14  0:17  Overlord  
  14  0:29  Drone, Extractor  
  14  0:32  Drone, Extractor  
  16  0:36  Drone  
  17  0:45  Drone  
  18  0:58  Hatchery  
  17  1:04  Drone, Extractor  
  17  1:17  Spawning Pool  
  16  1:19  Drone  
  16  1:22  Drone  
  18  1:29  Drone  
  19  1:47  Drone  
  19  1:53  Drone  
  21  2:03  Drone  
  21  2:08  Metabolic Boost  
  22  2:09  Queen  
  22  2:10  Queen  
  22  2:12  Zergling x2  
  22  2:14  Overlord  
  27  2:21  Drone  
  28  2:34  Drone x3  
  31  2:39  Baneling Nest  
  31  2:42  Drone  
  31  2:43  Overlord  
  31  2:52  Zergling x2  
  31  2:57  Drone  
  33  3:01  Queen  
  33  3:03  Drone  
  33  3:04  Drone  
  37  3:10  Lair  
  37  3:14  Zergling x4  
  39  3:20  Zergling x8  
  39  3:23  Baneling x2  
  42  3:28  Zergling x4  
  42  3:30  Overlord  
  40  3:43  Drone x3  
  43  3:49  Overlord  
  43  3:51  Drone  
  43  3:52  Extractor  
  43  3:53  Drone x4  
  47  3:56  Extractor  
  47  3:59  Drone x2  
  48  4:13  Drone  
  48  4:14  Drone x3, Hydralisk Den  
  51  4:20  Drone  
  51  4:22  Drone x2  
  54  4:31  Overlord x2  
  54  4:33  Drone x4, Lurker Den  
  54  4:36  Extractor  
  57  4:51  Hydralisk  
  59  5:07  Zergling x2  
  59  5:08  Zergling x22  
  59  5:09  Baneling  
  59  5:10  Baneling x2  
  64  5:29  Overlord  
  64  5:31  Hydralisk  
  64  5:32  Hydralisk x4  
  64  5:34  Overlord x2  
  74  5:43  Baneling  
  74  5:44  Baneling  
  74  5:53  Drone x2  
  74  5:54  Evolution Chamber  
  74  5:55  Hatchery  
  74  6:00  Lurker x3  
  74  6:02  Zergling x2  
  74  6:03  Zergling x6  
  81  6:08  Overlord  
  79  6:16  Drone x5  
  87  6:30  Lurker x3  
Show
View Real Time Build Order
Export as new Build Order

Jabooty Zerg 

Build Orders: Pool First 

Get SALT Encoding   

  12  0:03  Drone  
  13  0:08  Drone  
  13  0:13  Extractor  
  13  0:16  Drone  
  14  0:25  Overlord  
  14  0:29  Extractor  
  14  0:31  Drone  
  15  0:43  Drone  
  15  0:46  Drone  
  17  0:59  Spawning Pool  
  17  1:02  Drone  
  17  1:08  Drone  
  18  1:19  Drone  
  19  1:40  Hatchery  
  19  1:47  Metabolic Boost  
  18  1:52  Drone  
  18  1:53  Drone  
  20  2:00  Evolution Chamber  
  19  2:06  Evolution Chamber  
  18  2:17  Queen  
  20  2:23  Drone  
  20  2:29  Zerg Melee Weapons Level 1  
  21  2:47  Zerg Ground Armor Level 1  
  21  2:53  Zergling x6  
  21  2:55  Zergling x2  
  25  3:17  Drone x3  
  28  3:22  Overlord  
  28  3:32  Overlord  
  28  3:40  Queen  
  28  3:43  Zergling x8  
  28  3:46  Zergling x2  
  33  3:49  Zergling x4  
  35  3:56  Zergling x2  
  35  3:58  Zergling x2  
  37  4:06  Zergling x2  
  37  4:07  Zergling x2  
  39  4:18  Zergling x2  
  39  4:19  Zergling x2  
  39  4:22  Queen  
  43  4:29  Zergling x2  
  44  4:31  Overlord  
  44  4:41  Overlord  
  44  5:02  Drone x6  
  44  5:03  Drone, Zergling x2  
  44  5:06  Overlord x2  
  44  5:24  Zergling x2  
  44  5:25  Zergling x2  
  44  5:27  Zergling x6  
  43  5:33  Zergling x6  
  43  5:34  Zergling x6  
  43  5:35  Zergling x4  
  49  5:38  Zergling x2  
  50  5:45  Zergling x2  
  50  5:47  Drone  
  52  5:51  Roach Warren  
  52  5:52  Extractor  
  52  5:54  Drone  
  52  6:04  Drone x3  
Tags
 
Add a new tag
Caveats
  • Supply blocks, unpowered buildings, or Contaminate may cause inaccurate times.
  • Supply counts are checked every 10 seconds.